[Event "Titled Tuesday Blitz May 4 2021"]
[White "Angel_Hranitel_37"]
[Black "Pichot, Alan"]
[BlackFideId "110973"]
[WhiteElo "2540"]
[BlackElo "2622"]
[Result "1-0"]
[Round "06"]
[TimeControl "180+1"]
[Date "2021.05.04"]
[WhiteClock "0:00:03"]
[BlackClock "0:00:02"]

1. d4 Nf6 2. Nf3 d5 3. c4 e6 4. g3 Be7 5. Bg2 O-O 6. O-O dxc4 7. Qc2 a6 8. Rd1 Bd7 9. Ne5 Bc6 10. Nxc6 Nxc6 11. Qxc4 Qd7 12. Bg5 h6 13. Bxf6 Bxf6 14. Nc3 Rfd8 15. d5 exd5 16. Nxd5 Qd6 17. Rd2 Qe5 18. Rad1 Rd6 19. e4 Rad8 20. f4 Qh5 21. e5 Bxe5 22. fxe5 Qxe5 23. Qc3 Qg5 24. h4 Qg4 25. Kh2 Qf5 26. Bh3 Qe4 27. Bg2 Qe5 28. Qxe5 Nxe5 29. Ne7+ Kf8 30. Rxd6 Rxd6 31. Rxd6 cxd6 32. Nf5 b5 33. Nxd6 Ke7 34. Nf5+ Kf6 35. Nd4 Nd3 36. b3 Ke5 37. Nc2 Nc1 38. Nb4 a5 39. Nc6+ Kd6 40. Nxa5 Nxa2 41. Nb7+ Ke5 42. Nc5 Nc3 43. Bf1 Kd4 44. Nd7 b4 45. Nb6 1-0


[Site "https://www.chess.com"]

[Event "Titled Tuesday Blitz May 4 2021"]
[White "Arkell, Keith C"]
[Black "Reprintsev, Alexander"]
[WhiteFideId "400270"]
[BlackFideId "14100541"]
[WhiteElo "2398"]
[BlackElo "2194"]
[Result "0-1"]
[Round "06"]
[TimeControl "180+1"]
[Date "2021.05.04"]
[WhiteClock "0:00:32"]
[BlackClock "0:00:05"]

1. d4 d5 2. Nf3 Nc6 3. c4 e5 4. dxe5 d4 5. a3 g6 6. Bg5 Qd7 7. Nbd2 h6 8. Bh4 g5 9. Bg3 g4 10. Nh4 Be7 11. h3 gxh3 12. Rxh3 Qe6 13. Nhf3 Qg6 14. b4 Bxh3 15. gxh3 O-O-O 16. Qa4 f6 17. b5 Nxe5 18. Nxe5 fxe5 19. Bxe5 Bf6 20. Bxf6 Nxf6 21. Qxa7 Qc2 22. h4 Qc3 23. Rd1 Rhe8 24. Qa8+ Kd7 25. Qxb7 Ke7 26. Qf3 Qxf3 27. Nxf3 Ra8 28. Nxd4 Rxa3 29. e3 Kf7 30. Bg2 h5 31. Nf3 Ne4 32. Ng5+ Nxg5 33. hxg5 Kg6 34. Rd7 Kxg5 35. Rxc7 Rc3 36. Bd5 Rc2 37. Rf7 Kg6 38. b6 Re5 39. Rf4 Rg5 40. b7 Rg1# 0-1


[Site "https://www.chess.com"]

[Event "Titled Tuesday Blitz May 4 2021"]
[White "Ashiev, Eduard"]
[Black "Garcia Fuentes, Sergio Miguel"]
[WhiteFideId "4130090"]
[BlackFideId "7300549"]
[WhiteElo "2106"]
[BlackElo "2167"]
[Result "0-1"]
[Round "06"]
[TimeControl "180+1"]
[Date "2021.05.04"]
[WhiteClock "0:00:09"]
[BlackClock "0:00:23"]

1. d4 g6 2. e4 Bg7 3. Nc3 c6 4. Nf3 d5 5. h3 dxe4 6. Nxe4 Nd7 7. Bd3 Ngf6 8. Ng3 O-O 9. O-O c5 10. Re1 b6 11. Bf4 Bb7 12. Qe2 Re8 13. Rad1 cxd4 14. Ne5 Nxe5 15. Bxe5 Qd5 16. f3 Red8 17. h4 Rac8 18. h5 Qxa2 19. hxg6 hxg6 20. b3 Qa3 21. Bc4 Qc5 22. Ne4 Nxe4 23. fxe4 d3+ 24. Qf2 Qxf2+ 25. Kxf2 Bxe5 0-1


[Site "https://www.chess.com"]

[Event "Titled Tuesday Blitz May 4 2021"]
[White "Avila Pavas, Santiago"]
[Black "Vignesh, N R"]
[WhiteFideId "4437128"]
[BlackFideId "25012215"]
[WhiteElo "2244"]
[BlackElo "2401"]
[Result "1-0"]
[Round "06"]
[TimeControl "180+1"]
[Date "2021.05.04"]
[WhiteClock "0:00:07"]
[BlackClock "0:00:13"]

1. d4 Nf6 2. Nf3 d5 3. Bf4 e6 4. e3 Bd6 5. Bg3 O-O 6. Nbd2 c5 7. c3 Qc7 8. Bd3 Nbd7 9. e4 cxd4 10. Nxd4 a6 11. exd5 Nc5 12. Bc2 exd5 13. O-O Re8 14. Bf5 Nce4 15. Nxe4 dxe4 16. Qb3 Bxg3 17. fxg3 Bxf5 18. Nxf5 Re5 19. Rae1 Qc5+ 20. Nd4 b5 21. Kh1 e3 22. g4 Rae8 23. Rf3 h6 24. h3 a5 25. Nf5 a4 26. Qc2 Ne4 27. Rexe3 Ng5 28. Rxe5 Qxe5 29. Re3 Qb8 30. Qe2 Rxe3 31. Qxe3 g6 32. Nxh6+ Kg7 33. Qxg5 f6 34. Qe3 Qd6 35. g5 Qd1+ 36. Kh2 Qd6+ 37. Qg3 Qe6 38. Ng4 fxg5 39. Qe5+ Qxe5+ 40. Nxe5 Kf6 41. Nc6 Kf5 42. Nd4+ Ke4 43. Nxb5 1-0


[Site "https://www.chess.com"]

[Event "Titled Tuesday Blitz May 4 2021"]
[White "Bach, Matthias"]
[Black "Bon, Michael"]
[WhiteFideId "4603168"]
[BlackFideId "620696"]
[WhiteElo "2213"]
[BlackElo "2437"]
[Result "0-1"]
[Round "06"]
[TimeControl "180+1"]
[Date "2021.05.04"]
[WhiteClock "0:00:05"]
[BlackClock "0:00:02"]

1. d4 d5 2. c4 Nc6 3. f4 e6 4. Nc3 Nf6 5. e3 g6 6. Nf3 Bg7 7. a3 O-O 8. Be2 dxc4 9. Bxc4 b6 10. O-O Bb7 11. Bd2 Ne7 12. Be1 c5 13. dxc5 Rc8 14. Qxd8 Rfxd8 15. Na4 Nf5 16. Bf2 Ng4 17. Rfe1 Bc6 18. Nc3 bxc5 19. h3 Nxf2 20. Kxf2 Nd6 21. Bf1 Rb8 22. Rab1 Ne4+ 23. Nxe4 Bxe4 24. Rbc1 Rxb2+ 25. Re2 Rxe2+ 26. Bxe2 Rc8 27. Nd2 Bd5 28. e4 Bd4+ 29. Kf3 Ba8 30. Nb3 Rd8 31. g4 f5 32. Bd3 Kf7 0-1


[Site "https://www.chess.com"]

[Event "Titled Tuesday Blitz May 4 2021"]
[White "Baglan, Esat"]
[Black "Astafurov, Arseniy"]
[WhiteFideId "6309216"]
[BlackFideId "24175218"]
[WhiteElo "2107"]
[BlackElo "2163"]
[Result "1-0"]
[Round "06"]
[TimeControl "180+1"]
[Date "2021.05.04"]
[WhiteClock "0:00:16"]
[BlackClock "0:00:09"]

1. e4 e6 2. d3 d5 3. Nd2 Nc6 4. Ngf3 Nf6 5. g3 e5 6. Bg2 dxe4 7. dxe4 Bc5 8. O-O O-O 9. c3 a5 10. Qc2 b6 11. Nc4 Ba6 12. Rd1 Qe8 13. b3 a4 14. Bg5 Nd7 15. Ne3 h6 16. Bxh6 gxh6 17. Nf5 Nf6 18. Nxh6+ Kh8 19. Nf5 Ne7 20. Qd2 Nxf5 21. exf5 Rg8 22. Qh6+ Nh7 23. f6 Qe6 24. Ng5 Rxg5 25. Be4 Bxf2+ 26. Kg2 Rf5 27. Qg7# 1-0


[Site "https://www.chess.com"]

[Event "Titled Tuesday Blitz May 4 2021"]
[White "Baker, Chris W"]
[Black "DieHardCuban"]
[WhiteFideId "401676"]
[WhiteElo "2217"]
[BlackElo "2401"]
[Result "0-1"]
[Round "06"]
[TimeControl "180+1"]
[Date "2021.05.04"]
[WhiteClock "0:00:18"]
[BlackClock "0:00:06"]

1. e4 c6 2. d4 d5 3. Nd2 dxe4 4. Nxe4 Bf5 5. Ng3 Bg6 6. N1e2 Nd7 7. Nf4 e6 8. h4 Ne7 9. h5 Bf5 10. Bc4 Nb6 11. Bb3 Qc7 12. c3 O-O-O 13. Qf3 Nbd5 14. Nxd5 cxd5 15. Bf4 Qb6 16. O-O-O h6 17. Nxf5 Nxf5 18. g4 Nd6 19. Bxd6 Qxd6 20. Qxf7 Be7 21. Rde1 Bg5+ 22. Kb1 Rde8 23. Re2 Re7 24. Qg6 Rf8 25. Rhe1 Rf6 26. Qh7 Kc7 27. a3 a6 28. Ka2 Bh4 29. Bc2 Rxf2 30. Rxf2 Bxf2 31. Re2 Bh4 32. Qg8 Bf6 33. Bg6 e5 34. dxe5 Bxe5 35. Bf5 Kb6 36. Qc8 d4 37. c4 d3 38. c5+ Qxc5 39. Qxc5+ Kxc5 40. Bxd3 Kd4 41. Bf5 Rc7 42. Rd2+ Ke3 43. Rd3+ Kf4 44. Kb3 Rc6 45. Rd2 Ke3 46. Rc2 Rb6+ 47. Ka2 Bd4 48. b4 a5 49. Kb3 Kf4 50. Rc4 Ke5 51. Ka4 axb4 52. axb4 Ra6+ 53. Kb3 Rb6 54. Rc7 Kf4 55. Rc4 Ke3 56. Rc7 Be5 57. Kc4 Bxc7 58. b5 Bd8 59. Kc5 Rf6 60. Kd5 Rxf5+ 61. gxf5 Kf4 62. Ke6 Kg5 63. Kf7 Bf6 0-1


[Site "https://www.chess.com"]

[Event "Titled Tuesday Blitz May 4 2021"]
[White "Banawa, Joel"]
[Black "Tang, Andrew"]
[WhiteFideId "2024055"]
[BlackFideId "2059630"]
[WhiteElo "2705"]
[BlackElo "2584"]
[Result "0-1"]
[Round "06"]
[TimeControl "180+1"]
[Date "2021.05.04"]
[WhiteClock "0:00:02"]
[BlackClock "0:00:05"]

1. e4 e5 2. Nf3 Nc6 3. Bc4 Bc5 4. b4 Bxb4 5. c3 Be7 6. d4 Na5 7. Be2 d6 8. Qa4+ c6 9. dxe5 dxe5 10. Nxe5 Nf6 11. O-O Qc7 12. f4 O-O 13. Nd2 b5 14. Qc2 Bb7 15. Ndf3 a6 16. Ng5 h6 17. Ngxf7 Rxf7 18. Nxf7 Bc5+ 19. Kh1 Qxf7 20. e5 Nd5 21. Bd3 Rf8 22. Bd2 Bc8 23. f5 Nc4 24. e6 Qh5 25. Bxc4 Bd6 26. g3 bxc4 27. Kg2 Bb7 28. Rab1 Ba8 29. Kg1 c5 30. Qd1 Qh3 31. Qf3 Nf4 32. Qf2 Nd3 33. Qe2 Bc6 34. Rb6 Rc8 35. Rxc6 Rxc6 36. e7 Bxe7 37. Qxe7 Rf6 38. Qe4 Qh5 39. Qxc4+ Qf7 40. Qxd3 Qxa2 41. Be3 Qf7 42. Bxc5 Qc7 43. Bd4 Rd6 44. Qe3 Qf7 45. Qe5 Rd5 46. Qb8+ Kh7 47. Qf4 a5 48. Qe4 Kg8 49. f6 g6 50. Rb1 Rd8 51. Rb7 Qd5 52. f7+ Kf8 53. Qxd5 Rxd5 54. Bf6 a4 55. Kg2 a3 56. c4 Rd2+ 57. Kh3 a2 0-1


[Site "https://www.chess.com"]

[Event "Titled Tuesday Blitz May 4 2021"]
[White "Bartel, Michal"]
[Black "Fier, Alexandr"]
[WhiteFideId "1119257"]
[BlackFideId "2107139"]
[WhiteElo "2271"]
[BlackElo "2569"]
[Result "0-1"]
[Round "06"]
[TimeControl "180+1"]
[Date "2021.05.04"]
[WhiteClock "0:00:12"]
[BlackClock "0:00:20"]

1. e4 c5 2. Ne2 g6 3. g3 Bg7 4. Bg2 Nc6 5. c3 e5 6. d3 d6 7. Be3 Nge7 8. Nd2 O-O 9. f4 f5 10. O-O d5 11. Bxc5 fxe4 12. dxe4 d4 13. fxe5 d3 14. Rxf8+ Bxf8 15. Nf4 Nxe5 16. Nb3 N7c6 17. Bxf8 Kxf8 18. Qd2 b6 19. Rf1 Kg8 20. Nd5 Kg7 21. Nd4 Bd7 22. Qf4 Qf8 23. Qg5 Qd6 24. Rf6 Qc5 25. Qe3 Ng4 26. Rxc6 Nxe3 27. Rxc5 bxc5 28. Nxe3 cxd4 29. cxd4 Rc8 30. Kf2 Rc1 31. Bf3 Rb1 32. b3 Rb2+ 33. Ke1 Rxa2 34. d5 Kf6 35. Nc4 Bb5 36. e5+ Kf5 37. e6 Kf6 38. Nd6 a6 39. Ne4+ Ke5 40. e7 Kd4 41. Nd6 Ke3 42. Nxb5 Ra1+ 43. Bd1 d2+ 44. Kf1 Rxd1+ 45. Kg2 Rg1+ 46. Kh3 d1=Q 47. e8=Q+ Kd2 48. Qe5 Qf1+ 49. Kh4 axb5 50. Qd4+ Kc2 51. d6 Rg2 52. h3 Rd2 53. Qc5+ Kb1 54. Qe5 Qd3 55. Qe1+ Kb2 56. Qe5+ Ka2 57. d7 Qxd7 58. Qc5 Qd4+ 59. Qxd4 Rxd4+ 60. Kg5 Kxb3 61. g4 Rd7 62. h4 Kc3 63. Kh6 b4 64. h5 b3 65. hxg6 hxg6 66. Kxg6 b2 67. Kf6 b1=Q 68. g5 Qb7 69. Kg6 Qc6+ 70. Kh5 Qe6 71. g6 Rd6 72. Kh6 Qxg6# 0-1


[Site "https://www.chess.com"]

[Event "Titled Tuesday Blitz May 4 2021"]
[White "Batchimeg, Tuvshintugs"]
[Black "Golsta, Madara"]
[WhiteFideId "4900839"]
[BlackFideId "11607386"]
[WhiteElo "2295"]
[BlackElo "1880"]
[Result "1-0"]
[Round "06"]
[TimeControl "180+1"]
[Date "2021.05.04"]
[WhiteClock "0:00:29"]
[BlackClock "0:00:51"]

1. d4 Nf6 2. c4 g6 3. Nc3 d5 4. Nf3 Bg7 5. e3 O-O 6. cxd5 Nxd5 7. Bc4 Nb6 8. Bb3 Nc6 9. O-O e5 10. d5 Na5 11. Bc2 c6 12. e4 cxd5 13. exd5 f5 14. Re1 e4 15. Ng5 Nac4 16. Bb3 a5 17. a4 Kh8 18. Qe2 Ne5 19. Ne6 Bxe6 20. dxe6 Nd3 21. Rd1 Qh4 22. Be3 Ne5 23. Bxb6 Nf3+ 24. gxf3 Qxf2+ 25. Qxf2 1-0


[Site "https://www.chess.com"]

[Event "Titled Tuesday Blitz May 4 2021"]
[White "Belanoff, Ted"]
[Black "Shahinyan, David"]
[WhiteFideId "2070588"]
[BlackFideId "13304380"]
[WhiteElo "2173"]
[BlackElo "2372"]
[Result "0-1"]
[Round "06"]
[TimeControl "180+1"]
[Date "2021.05.04"]
[WhiteClock "0:00:21"]
[BlackClock "0:00:10"]

1. d4 Nf6 2. c4 c5 3. Nc3 cxd4 4. Qxd4 Nc6 5. Qd3 g6 6. Nf3 Bg7 7. Bg5 d6 8. h4 Qa5 9. Bd2 Qb6 10. Na4 Qc7 11. e4 Ng4 12. Nc3 Nce5 13. Nxe5 Nxe5 14. Qe2 Nc6 15. Nd5 Qd8 16. Bc3 Bxc3+ 17. Nxc3 Be6 18. b3 Qa5 19. Qd2 O-O-O 20. Nd5 Qxd2+ 21. Kxd2 f5 22. Nf4 Bf7 23. exf5 gxf5 24. Bd3 e6 25. Rhe1 Ne5 26. Bf1 Kd7 27. Nd3 Nc6 28. Rad1 Ke7 29. Kc1 e5 30. f4 e4 31. Nf2 h5 32. Nh3 d5 33. Ng5 d4 34. Nxf7 Kxf7 35. Kb2 Rhg8 36. Re2 d3 37. Re3 Kf6 38. g3 Rg7 39. Rd2 Rdg8 40. Bxd3 exd3 41. Rdxd3 Rd8 42. Rxd8 Nxd8 43. Kc3 Ne6 44. b4 Rd7 45. a4 b6 46. Re1 Rg7 47. Re3 Rc7 48. Kb3 a5 49. bxa5 bxa5 50. Ka3 Rxc4 51. Rb3 Nc5 52. Rb5 Rxa4+ 53. Kb2 Rb4+ 54. Rxb4 axb4 55. g4 Ke6 56. g5 Kd5 57. Kc2 Ne6 58. Kb3 Nxf4 59. Kxb4 Ng6 60. Kc3 Ke4 61. Kc4 Kf4 62. Kd5 Kg4 63. Kd4 Kxh4 64. Ke3 Kxg5 65. Kf3 f4 66. Kg2 Kg4 67. Kh2 f3 68. Kg1 Kg3 69. Kh1 Nf4 70. Kg1 Nh3+ 71. Kh1 Ng5 72. Kg1 f2+ 73. Kf1 h4 74. Ke2 Kg2 0-1


[Site "https://www.chess.com"]

[Event "Titled Tuesday Blitz May 4 2021"]
[White "Bellahcene, Bilel"]
[Black "Urazayev, Arystanbek"]
[WhiteFideId "696358"]
[BlackFideId "13709810"]
[WhiteElo "2493"]
[BlackElo "2321"]
[Result "1-0"]
[Round "06"]
[TimeControl "180+1"]
[Date "2021.05.04"]
[WhiteClock "0:00:15"]
[BlackClock "0:00:02"]

1. e4 c6 2. d4 d5 3. f3 e6 4. Nc3 Nf6 5. e5 Nfd7 6. f4 c5 7. Nf3 Nc6 8. Be3 Be7 9. Qd2 O-O 10. Be2 a6 11. O-O b5 12. a3 Bb7 13. Kh1 cxd4 14. Nxd4 Nxd4 15. Bxd4 Nc5 16. Qe3 Rc8 17. Rad1 Qc7 18. Bg4 g6 19. Qg3 Ne4 20. Nxe4 dxe4 21. f5 exf5 22. Bxf5 Rcd8 23. c3 Bc5 24. Qg4 Bxd4 25. cxd4 e3 26. Rde1 Qc4 27. Rf4 Kh8 28. Qh4 Qd5 29. Be4 Qd7 30. Bxb7 Qxb7 31. Rxe3 Rc8 32. h3 Qd5 33. Rf2 Kg8 34. Kh2 Rc4 35. Rf4 Qe6 36. Ref3 Qd7 37. Qf6 Rc6 38. Qg5 Qd5 39. Qh6 Re6 40. Rh4 Rd8 41. Qxh7+ 1-0


[Site "https://www.chess.com"]

[Event "Titled Tuesday Blitz May 4 2021"]
[White "Bendayan Claros, Aaron"]
[Black "Nozdrachev, Leonid"]
[WhiteFideId "3803392"]
[BlackFideId "24113433"]
[WhiteElo "2166"]
[BlackElo "2246"]
[Result "0-1"]
[Round "06"]
[TimeControl "180+1"]
[Date "2021.05.04"]
[WhiteClock "0:01:22"]
[BlackClock "0:01:36"]

1. d4 d6 2. e4 Nf6 3. f3 e5 4. Ne2 Nc6 5. Be3 Be7 6. c4 O-O 7. Nbc3 Nxd4 8. Nxd4 exd4 9. Bxd4 c6 10. Be2 d5 11. cxd5 cxd5 12. e5 Nd7 13. Nxd5 Bc5 14. Bxc5 Nxc5 15. O-O Be6 16. Bc4 b5 0-1


[Site "https://www.chess.com"]

[Event "Titled Tuesday Blitz May 4 2021"]
[White "Bernadskiy, Vitaliy"]
[Black "serhanberat_ozdemir"]
[WhiteFideId "14100371"]
[WhiteElo "2534"]
[BlackElo "2633"]
[Result "0-1"]
[Round "06"]
[TimeControl "180+1"]
[Date "2021.05.04"]
[WhiteClock "0:00:06"]
[BlackClock "0:00:07"]

1. d4 Nf6 2. Nc3 d5 3. Bf4 g6 4. Qd2 Bg7 5. h4 h5 6. Nf3 O-O 7. Ne5 c5 8. e3 Nc6 9. Be2 Qa5 10. O-O-O Bf5 11. f3 Nb4 12. a3 Nxc2 13. g4 Na1 14. gxf5 Nb3+ 15. Kb1 Nxd2+ 16. Rxd2 cxd4 17. exd4 gxf5 18. Rg1 Kh7 19. Bd3 e6 20. Rdg2 Bh6 21. Bg5 Ne8 22. Be7 Qc7 23. Nxd5 Qd8 24. Bxd8 Rxd8 25. Ne7 Nd6 26. Rc2 Be3 27. Re1 Bxd4 28. Rc7 Bxe5 29. Rxe5 Kg7 30. f4 Kf6 31. Bc2 Rfe8 32. Nd5+ exd5 33. Rxd5 Ne4 34. Rxd8 Rxd8 35. Rxb7 Nd2+ 36. Ka2 Rd4 37. Rxa7 Rxf4 38. a4 Rxh4 39. a5 Rc4 40. Bd1 h4 41. Rd7 Ne4 42. Bb3 Rc5 43. Rxf7+ Kg5 44. Ra7 h3 45. Ka3 Nf6 46. Rg7+ Kf4 47. Rg6 Ng4 48. Rd6 Rxa5+ 49. Kb4 Re5 50. Bd5 Re4+ 51. Bxe4 fxe4 52. Rd1 h2 53. Kc3 Kf3 54. Kd4 e3 55. Rh1 Kg2 56. Rxh2+ Kxh2 57. Kd3 Kg2 58. Ke2 Kg3 59. b4 Kf4 60. b5 Ne5 61. b6 Nc6 62. b7 Nb8 63. Ke1 Kf3 64. Kf1 Nc6 65. Ke1 e2 0-1


[Site "https://www.chess.com"]

[Event "Titled Tuesday Blitz May 4 2021"]
[White "Bologan, Victor"]
[Black "Trost, Edvin"]
[WhiteFideId "13900048"]
[BlackFideId "1729519"]
[WhiteElo "2511"]
[BlackElo "2028"]
[Result "0-1"]
[Round "06"]
[TimeControl "180+1"]
[Date "2021.05.04"]
[WhiteClock "0:00:46"]
[BlackClock "0:01:32"]

1. e4 g6 2. d4 Nf6 3. e5 Nh5 4. Be2 d6 5. Bxh5 gxh5 6. Qxh5 dxe5 7. dxe5 Nc6 8. Nf3 Rg8 9. Ng5 Qd5 10. Nc3 Qxe5+ 11. Be3 Rg6 12. Qh4 h6 13. Nf3 Qf5 14. O-O-O Rxg2 15. Nd5 Bd7 16. Nxc7+ Kd8 17. Nxa8 Qxf3 18. Rd3 Rg4 19. Qh5 Qxh1+ 20. Rd1 Rg1 21. Rxg1 Qxg1+ 22. Kd2 Qg6 0-1


[Site "https://www.chess.com"]

[Event "Titled Tuesday Blitz May 4 2021"]
[White "Bommini, Mounika Akshaya"]
[Black "Ronka, Erik"]
[WhiteFideId "25019872"]
[BlackFideId "505080"]
[WhiteElo "1610"]
[BlackElo "2264"]
[Result "1-0"]
[Round "06"]
[TimeControl "180+1"]
[Date "2021.05.04"]
[WhiteClock "0:00:22"]
[BlackClock "0:00:03"]

1. e4 c6 2. d4 d5 3. e5 c5 4. c3 Nc6 5. f4 Bf5 6. Nf3 e6 7. Nbd2 cxd4 8. Nxd4 Nge7 9. N2f3 Be4 10. Be3 a6 11. Bd3 Bxf3 12. Qxf3 Nxd4 13. Bxd4 g6 14. O-O-O Nc6 15. Bf2 Qa5 16. Kb1 b5 17. Rhe1 Rb8 18. Bc2 Be7 19. g4 O-O 20. f5 b4 21. c4 b3 22. Bxb3 dxc4 23. Qxc6 cxb3 24. axb3 Rxb3 25. Re2 Rfb8 26. fxe6 Ra3 27. exf7+ Kf8 28. Bd4 Ra1+ 29. Kc2 Ra4 30. Bc3 Rxg4 31. Bxa5 1-0


[Site "https://www.chess.com"]

[Event "Titled Tuesday Blitz May 4 2021"]
[White "Bongo Akanga Ndjila, Barthelemy"]
[Black "Gretarsson, Helgi Ass"]
[WhiteFideId "10609431"]
[BlackFideId "2300699"]
[WhiteElo "1803"]
[BlackElo "2519"]
[Result "0-1"]
[Round "06"]
[TimeControl "180+1"]
[Date "2021.05.04"]
[WhiteClock "0:00:15"]
[BlackClock "0:00:18"]

1. d4 g6 2. Nf3 Bg7 3. Bg5 d6 4. e3 Nd7 5. Nbd2 Ngf6 6. Bd3 b6 7. c3 Bb7 8. a4 a6 9. O-O c5 10. Re1 h6 11. Bh4 g5 12. Bg3 Nh5 13. e4 Nxg3 14. hxg3 e6 15. e5 g4 16. Nh4 dxe5 17. Qxg4 Qg5 18. Qe2 exd4 19. cxd4 Bxd4 20. Nc4 Kf8 21. Nf3 Qd5 22. Be4 Qxe4 23. Qxe4 Bxe4 24. Rxe4 Bf6 25. Rd1 Ra7 26. b3 Ke7 27. Rd3 h5 28. Nd6 Rb8 29. Nc4 b5 30. Na5 Rb6 31. g4 c4 32. bxc4 Nc5 33. Ree3 Nxd3 34. Rxd3 hxg4 35. Nd2 Rd7 36. Rxd7+ Kxd7 37. c5 Rb8 38. axb5 Rxb5 39. c6+ Kc7 40. Nac4 a5 41. Ne4 Be7 42. Nc3 Rc5 43. Nxa5 Rxc3 44. Nb7 Bb4 45. Kh2 Rxc6 46. Kg3 Kxb7 47. Kxg4 Rc2 48. f4 Rxg2+ 49. Kf3 Rg1 50. Ke4 Bc5 51. Ke5 Kc6 52. Kf6 Kd5 53. Kxf7 Rf1 54. Kg6 Rxf4 55. Kg5 e5 56. Kg6 e4 0-1


[Site "https://www.chess.com"]

[Event "Titled Tuesday Blitz May 4 2021"]
[White "Bonte, Andrei-Mihai"]
[Black "ValeriyGrinev"]
[WhiteFideId "1210297"]
[WhiteElo "2200"]
[BlackElo "2626"]
[Result "0-1"]
[Round "06"]
[TimeControl "180+1"]
[Date "2021.05.04"]
[WhiteClock "0:00:03"]
[BlackClock "0:02:01"]

1. d4 Nf6 2. c4 c5 3. Nf3 cxd4 4. Nxd4 e5 5. Nb5 d5 6. cxd5 Bc5 7. e3 O-O 8. N5c3 Bf5 9. Be2 Qe7 10. Nd2 e4 11. Nb3 Bd6 12. Nd4 Bg6 13. Ncb5 Nbd7 14. Nxd6 Qxd6 15. Nb5 Qxd5 16. Qxd5 Nxd5 17. Bd2 Ne5 18. Nc3 Nb4 19. O-O Nbd3 20. Rab1 Rfd8 21. Rfd1 Nc4 22. b3 Na3 23. Ra1 Nb2 24. Bc1 Nxd1 25. Bxd1 Nb5 26. Bb2 Nxc3 27. Bxc3 Rac8 28. Bd4 b6 29. h4 Bf5 30. g4 Be6 31. Be2 Rc2 32. Ba6 Bxg4 0-1


[Site "https://www.chess.com"]

[Event "Titled Tuesday Blitz May 4 2021"]
[White "Borawski, Jakub"]
[Black "Shuvalov, Evgenij"]
[WhiteFideId "1143000"]
[BlackFideId "4187237"]
[WhiteElo "2020"]
[BlackElo "2163"]
[Result "0-1"]
[Round "06"]
[TimeControl "180+1"]
[Date "2021.05.04"]
[WhiteClock "0:00:02"]
[BlackClock "0:00:08"]

1. e4 e6 2. d4 d5 3. Nc3 Bb4 4. Qd3 Nf6 5. e5 Ne4 6. a3 Ba5 7. b4 Nxc3 8. bxa5 Na4 9. Qg3 Kf8 10. h4 c5 11. h5 h6 12. Nf3 Nc3 13. dxc5 Ne4 14. Qf4 Qxa5+ 15. Nd2 Nd7 16. Rh3 Ndxc5 17. Rf3 Ng5 18. Re3 Bd7 19. Rb1 Rc8 20. Be2 Nce4 21. Bd3 b6 22. a4 Bxa4 23. Ra1 b5 24. Bxe4 Nxe4 25. Rf3 Rc7 26. Kf1 Ng5 27. Nb3 Qb6 28. Ba3+ Kg8 29. Bd6 Rc4 30. Qd2 Nxf3 31. gxf3 Qd8 32. Nd4 Qh4 33. Ne2 Qxh5 34. Ng3 Qxf3 35. Kg1 Rh4 36. Re1 Kh7 37. Re3 Qg4 38. Qd3+ g6 0-1


[Site "https://www.chess.com"]

[Event "Titled Tuesday Blitz May 4 2021"]
[White "Bortnyk, Olexandr"]
[Black "Shahinyan, David"]
[WhiteFideId "14120828"]
[BlackFideId "13304380"]
[WhiteElo "2723"]
[BlackElo "2372"]
[Result "1-0"]
[Round "06"]
[TimeControl "180+1"]
[Date "2021.05.04"]
[WhiteClock "0:00:21"]
[BlackClock "0:00:02"]

1. e4 d6 2. d4 Nf6 3. Nc3 e5 4. Nf3 Nbd7 5. Bc4 Be7 6. O-O O-O 7. a4 c6 8. a5 h6 9. Re1 Qc7 10. h3 Re8 11. d5 b5 12. axb6 Nxb6 13. Bb3 cxd5 14. exd5 Bd7 15. Be3 a5 16. Qd3 Reb8 17. Nd2 Bd8 18. f4 exf4 19. Bxf4 a4 20. Ba2 a3 21. bxa3 Rxa3 22. Bb3 Rxa1 23. Rxa1 Rc8 24. Nce4 Nxe4 25. Nxe4 Be7 26. Qg3 Kh7 27. Nxd6 Qc5+ 28. Kh1 Bf6 29. Rd1 Ra8 30. Nxf7 Bf5 31. Be3 Qb5 32. Nd6 Qe2 33. Re1 Be5 34. Rxe2 Bxg3 35. Nxf5 Ra1+ 36. Bg1 1-0


[Site "https://www.chess.com"]

[Event "Titled Tuesday Blitz May 4 2021"]
[White "Budrewicz, Krzysztof"]
[Black "Zhukov, Anton"]
[WhiteFideId "1127950"]
[BlackFideId "34187534"]
[WhiteElo "2276"]
[BlackElo "2172"]
[Result "1/2-1/2"]
[Round "06"]
[TimeControl "180+1"]
[Date "2021.05.04"]
[WhiteClock "0:00:13"]
[BlackClock "0:00:13"]

1. d4 Nf6 2. c4 e6 3. Nf3 Bb4+ 4. Nbd2 O-O 5. a3 Be7 6. e4 d6 7. Bd3 Nbd7 8. O-O e5 9. b3 c5 10. dxe5 Nxe5 11. Be2 Nxf3+ 12. Bxf3 Nd7 13. Be2 Bf6 14. Ra2 Ne5 15. f4 Nc6 16. Nf3 Re8 17. Bd3 Bg4 18. Be3 Bd4 19. Qe1 Bxf3 20. Rxf3 Bxe3+ 21. Qxe3 Qf6 22. Rh3 Qd4 23. Qxd4 Nxd4 24. b4 b6 25. Kf2 a5 26. b5 g6 27. Rd2 Kg7 28. Bb1 Re7 29. Ke3 Rae8 30. Rxd4 cxd4+ 31. Kxd4 Rc7 32. Bd3 Rc5 33. g4 f6 34. Re3 h5 35. h3 hxg4 36. hxg4 Rh8 37. Kc3 g5 38. f5 Rh1 39. Be2 Kf7 40. Rd3 Ke7 41. Re3 Rc8 42. Kd4 Rch8 43. Kd5 Kd7 44. Rd3 R8h2 45. Bf3 Rf1 46. c5 bxc5 47. b6 Rb1 48. e5 fxe5 49. f6 Rxb6 50. Be4 Ke8 51. Bg6+ Kf8 52. Ke6 d5+ 53. Kxe5 Re2+ 54. Kxd5 Rxf6 55. Bf5 Rb2 56. Kxc5 Rfb6 57. a4 R6b4 58. Rd8+ Ke7 59. Rd7+ Ke8 60. Ra7 Ra2 61. Kd6 Rd2+ 62. Ke6 Rb6+ 63. Ke5 Re2+ 64. Kd5 Rd2+ 65. Kc5 Rb4 66. Rxa5 Rdd4 67. Ra7 Rbc4+ 68. Kb5 Rb4+ 69. Kc5 Rbc4+ 70. Kb6 Rxa4 71. Bd7+ Rxd7 72. Rxa4 Ke7 73. Kc6 Rd6+ 74. Kc5 Rd1 75. Re4+ Kf6 76. Kc4 Kg6 77. Kc3 Kf6 78. Kc4 Rf1 79. Kd3 Rf4 80. Rxf4+ gxf4 81. Ke4 Kg5 82. Kf3 Kg6 83. Kxf4 Kf6 84. g5+ Kg6 85. Kg4 Kg7 86. Kf5 Kf7 87. Kg4 Kg6 88. Kh4 Kg7 89. Kh5 Kh7 90. g6+ Kg7 91. Kg5 Kg8 92. Kf5 Kg7 93. Kg5 Kg8 94. Kh5 Kg7 95. Kg5 1/2-1/2


[Site "https://www.chess.com"]

[Event "Titled Tuesday Blitz May 4 2021"]
[White "Bugayev, Vladimir"]
[Black "Sevian, Samuel"]
[WhiteFideId "30901480"]
[BlackFideId "2040506"]
[WhiteElo "2338"]
[BlackElo "2930"]
[Result "0-1"]
[Round "06"]
[TimeControl "180+1"]
[Date "2021.05.04"]
[WhiteClock "0:00:01"]
[BlackClock "0:00:15"]

1. e4 c6 2. d4 d5 3. exd5 cxd5 4. Bd3 Nc6 5. c3 Nf6 6. Bf4 g6 7. Nf3 Bg7 8. O-O Bf5 9. Be2 Rc8 10. Na3 O-O 11. Nc2 Be4 12. h3 e6 13. Ne3 Nh5 14. Bh2 Bxf3 15. Bxf3 Nf6 16. Be2 a6 17. a4 Re8 18. Bd3 Na5 19. f4 Nd7 20. Ng4 Nc6 21. Ne5 Ne7 22. g4 f6 23. Nf3 f5 24. Qe2 Nc6 25. Bg3 Nf6 26. Bh4 Qd6 27. Bxf6 Bxf6 28. g5 Bg7 29. h4 Qxf4 30. Qf2 e5 31. dxe5 Nxe5 32. Nxe5 Qxe5 33. Rae1 Qd6 34. Qg2 d4 35. c4 Re3 0-1


[Site "https://www.chess.com"]

[Event "Titled Tuesday Blitz May 4 2021"]
[White "Buscar, Michael"]
[Black "zmeeed67"]
[WhiteFideId "2603616"]
[WhiteElo "2010"]
[BlackElo "2563"]
[Result "0-1"]
[Round "06"]
[TimeControl "180+1"]
[Date "2021.05.04"]
[WhiteClock "0:00:01"]
[BlackClock "0:00:13"]

1. d4 d5 2. c4 e6 3. Nc3 c6 4. e3 Nf6 5. Nf3 Nbd7 6. Bd3 dxc4 7. Bxc4 b5 8. Bd3 Bb7 9. O-O a6 10. e4 c5 11. e5 Nd5 12. Ne4 cxd4 13. Bg5 Qb8 14. Re1 h6 15. Bh4 Bb4 16. Nd6+ Bxd6 17. exd6 Qxd6 18. Nxd4 O-O 19. Bg3 Qb6 20. Rc1 N7f6 21. Bb1 Rac8 22. Be5 Rxc1 23. Qxc1 Rc8 24. Qd2 Qc5 25. h3 Qb4 26. Qe2 Nf4 27. Bxf4 Qxd4 28. Be5 Qd5 29. f3 Nd7 30. Bc3 b4 31. Rd1 Qc5+ 32. Bd4 Qc4 33. Bd3 Qxd4+ 34. Kh1 Qf6 35. Bxa6 Bxa6 36. Qxa6 Rd8 37. Qa5 b3 38. axb3 Qe7 39. b4 Rb8 40. b5 Nb6 41. Qa6 Nd5 42. Qc6 Qb7 0-1


[Site "https://www.chess.com"]